 Dungeon Crawl Stone Soup version 0.18.1-50-g88ac8fd (webtiles) character file.

3093 Gargoyl the Protected (level 9, -8/69 HPs)
             Began as a Demonspawn Abyssal Knight on Sept 21, 2016.
             Was an Elder of Lugonu.
             Mangled by a polar bear (12 damage)
             ... on level 8 of the Dungeon.
             The game lasted 00:16:47 (8706 turns).

Gargoyl the Protected (Demonspawn Abyssal Knight)   Turns: 8706, Time: 00:16:48

Health: -8/69      AC: 15    Str: 13 (15) XL:     9   Next: 59%
Magic:  14/14      EV:  9    Int: 13 (15) God:    Lugonu [****..]
Gold:   132        SH:  0    Dex: 10      Spells: 0 memorised, 8 levels left

rFire  + . .     SeeInvis .     C - +2 war axe
rCold  + . .     Gourm    .     b - +0 chain mail
rNeg   . . .     Faith    .     (no shield)
rPois  .         Spirit   .     G - +2 hat
rElec  .         Dismiss  .     (no cloak)
rCorr  .         Reflect  .     (no gloves)
SustAt .         Harm     .     u - +1 pair of boots
MR     +....                    k - amulet of regeneration
Stlth  ..........               r - ring of protection from cold
                                t - +3 ring of slaying

@: somewhat resistant to hostile enchantments, extremely unstealthy
A: antennae 1, hooves 1, repulsion field 1, clumsy 1, demonic guardian 1, fire
resistance 1, magic resistance 1, flame cloud immunity
a: Depart the Abyss, Bend Space, Banish, Corrupt, Renounce Religion


You were on level 8 of the Dungeon.
You worshipped Lugonu.
Lugonu was greatly pleased with you.
You were not hungry.

You visited 1 branch of the dungeon, and saw 8 of its levels.
You visited the Abyss 1 time.

You collected 287 gold pieces.
You spent 155 gold pieces at shops.

Inventory:

Hand Weapons
 a - a +2 hand axe
 C - a +2 war axe (weapon)
Missiles
 I - 2 tomahawks (quivered)
Armour
 b - a +0 chain mail (worn)
 u - a +1 pair of boots (worn)
 G - a +2 hat (worn)
Jewellery
 k - an amulet of regeneration (around neck)
 p - an uncursed ring of protection from fire
 r - a ring of protection from cold (right hand)
 t - a +3 ring of slaying (left hand)
 J - an uncursed ring of protection from fire
Wands
 f - a wand of lightning (3/15)
 q - a wand of disintegration (2/24)
 y - a wand of teleportation (3/9)
 B - a wand of slowing (22/48)
 H - a wand of flame (9/48)
Scrolls
 e - a scroll of recharging {unknown}
 g - a scroll of blinking
 i - 3 scrolls of identify
 j - 2 scrolls of amnesia
 l - 6 scrolls of teleportation
 m - 4 scrolls of remove curse
 o - 2 scrolls of magic mapping
 w - 2 scrolls of fog {unknown}
 z - a scroll of random uselessness {unknown}
 E - a scroll of enchant weapon
Potions
 v - a potion of cancellation
Books
 D - a book of Clouds

   Spells                             Type                      Level
   a - Mephitic Cloud                 Conjuration/Poison/Air       3
   b - Conjure Flame                  Conjuration/Fire             3
   c - Poisonous Cloud                Conjuration/Poison/Air       6
   d - Freezing Cloud                 Conjuration/Ice/Air          6
   e - Ring of Flames                 Charms/Fire                  7
Comestibles
 c - 8 bread rations
 d - 4 beef jerkies
 h - 5 meat rations
 n - 7 fruits
 s - 6 chunks of flesh
 x - 2 slices of pizza
 A - a royal jelly


   Skills:
 + Level 6.0 Fighting
 + Level 5.6 Axes
 + Level 1.0 Throwing
 * Level 8.1 Armour
 + Level 3.5 Dodging
 * Level 7.1 Invocations


You had 8 spell levels left.
You didn't know any spells.

Dungeon Overview and Level Annotations

Branches:
Dungeon (8/15)             Temple (0/1) D:7
   Lair: D:8-11

Altars:
Elyvilon
Fedhas
Kikubaaqudgha
Okawaru
Pakellas
Trog

Shops:
D:6 *


Innate Abilities, Weirdness & Mutations

You have a pair of small antennae on your head.
You are surrounded by a mild repulsion field (EV +2).
A weak demonic guardian rushes to your aid.
Your flesh is heat resistant.
You are immune to clouds of flame.
You have large cloven feet.
You are clumsy. (Dex -2)
You are resistant to hostile enchantments.


Message History

The polar bear claws you but does no damage.
The ice beast closely misses you. The polar bear bites you!
* * * LOW HITPOINT WARNING * * *
The polar bear barely misses you. The polar bear closely misses you.
The ice beast hits you but does no damage.
Drink which item? (? for menu, Esc to quit)
Okay, then.
Your ufetubus barely misses the polar bear. x2
The polar bear closely misses you. The polar bear barely misses you. x2
Your ufetubus hits the polar bear but does no damage.
Your ufetubus completely misses the polar bear.
The polar bear misses your ufetubus. The polar bear claws your ufetubus. x2
The orc closely misses your ufetubus.
Your ufetubus hits the polar bear.
Your ufetubus barely misses the polar bear.
You barely miss the polar bear.
The polar bear is almost dead.
You barely miss the ice beast.
The ice beast is heavily wounded.
The polar bear bites you!
You die...

+.........+......
..#.....##.........##.....
..#...#.# #.(....>#...†...
..$...#.# ##.....##.......
........## ##...###.......
.........#####'## ###...##
#...#..#.....# #...#
..#...))Y#(###.# ##.##
.......oh@.# #... ..#
#.######5#.# #..## ....
...#....... ....##
#######....#. ..## ##.#..8
.#. ..


You could see a polar bear (berserk), an ice beast, an orc and a friendly
ufetubus.

Vanquished Creatures
  A spriggan (D:7)
  A yak (D:8)
  Edmund (D:5)
  2 ice beasts
  A sky beast (D:7)
  2 orc warriors (D:7)
  4 ogres
  A centaur (D:8)
  4 giant frogs
  A big kobold (D:7)
  4 scorpions
  2 killer bees (D:8)
  A crimson imp (D:5)
  2 giant frog skeletons
  2 hounds
  An orc priest (D:6)
  A centaur skeleton (D:6)
  An iguana (D:7)
  6 orc wizards
  A worker ant (D:6)
  A hound zombie (D:7)
  14 gnolls
  10 adders
  A shadow imp (D:5)
  A white imp (D:8)
  A worker ant simulacrum (D:8)
  An ufetubus (D:8)
  2 oozes (D:3)
  An adder skeleton (D:4)
  2 worms
  3 dart slugs
  5 giant geckos
  17 orcs
  4 giant cockroaches
  12 goblins
  10 hobgoblins
  4 jackals (D:3)
  3 quokkas
  A ball python (D:2)
  A ball python skeleton (D:5)
  8 bats
  2 giant newts
  A jackal simulacrum (D:8)
  A jackal skeleton (D:6)
  8 kobolds
  7 rats
160 creatures vanquished.

Vanquished Creatures (collateral kills)
  Eustachio (D:5)
  A phantom (D:6)
  A killer bee (D:8)
  2 crimson imps
  An orc priest (D:7)
  2 orc wizards
  Jessica (D:2)
  A hound skeleton (D:6)
  A worker ant zombie (D:8)
  5 orcs
  A ball python (D:3)
  A goblin (D:3)
  A kobold (D:3)
19 creatures vanquished.

Grand Total: 179 creatures vanquished

Notes
Turn   | Place    | Note
--------------------------------------------------------------
     0 | Abyss:1  | Gargoyl the Demonspawn Abyssal Knight began the quest for the Orb.
     0 | Abyss:1  | Reached XP level 1. HP: 18/18 MP: 2/2
    70 | Abyss:1  | Noticed a hungry ghost
    86 | Abyss:1  | Noticed a smoke demon
    87 | D:1      | Escaped the Abyss
   513 | D:1      | Reached skill level 2 in Armour
   517 | D:1      | Reached * piety under Lugonu
   517 | D:1      | Reached skill level 1 in Dodging
   527 | D:1      | Gained mutation: Your flesh is heat resistant. [demonic ancestry]
   527 | D:1      | Reached XP level 2. HP: 23/24 MP: 3/3
  1164 | D:1      | Gained mutation: A weak demonic guardian rushes to your aid. [demonic ancestry]
  1164 | D:1      | Reached XP level 3. HP: 29/29 MP: 4/4
  2052 | D:2      | Reached ** piety under Lugonu
  2302 | D:2      | Noticed Jessica
  2304 | D:2      | Reached XP level 4. HP: 35/37 MP: 6/6
  2312 | D:2      | Killed Jessica
  2542 | D:3      | Found a white marble altar of Elyvilon.
  2616 | D:3      | Found a bloodstained altar of Trog.
  2678 | D:3      | Reached skill level 3 in Armour
  2812 | D:3      | Gained mutation: You have a pair of small antennae on your head. [demonic ancestry]
  2812 | D:3      | Reached XP level 5. HP: 34/42 MP: 7/7
  3696 | D:4      | Found an oddly glowing altar of Pakellas.
  4324 | D:4      | Found an ancient bone altar of Kikubaaqudgha.
  4324 | D:4      | Found an iron altar of Okawaru.
  4672 | D:4      | Reached XP level 6. HP: 28/48 MP: 8/8
  5008 | D:5      | Entered Level 5 of the Dungeon
  5033 | D:5      | Reached skill level 4 in Armour
  5149 | D:5      | Noticed Eustachio
  5184 | D:5      | Killed Eustachio
  5438 | D:5      | Noticed Edmund
  5475 | D:5      | Killed Edmund
  5475 | D:5      | Gained mutation: You are immune to clouds of flame. [demonic ancestry]
  5475 | D:5      | Reached XP level 7. HP: 23/54 MP: 10/10
  5510 | D:5      | Reached *** piety under Lugonu
  5849 | D:5      | Reached skill level 5 in Armour
  5940 | D:6      | Noticed a hill giant
  5949 | D:6      | Banished a hill giant
  5949 | D:6      | Reached skill level 5 in Invocations
  6318 | D:6      | Found Meddol's Assorted Antiques.
  6380 | D:6      | Bought a twisted copper amulet for 155 gold pieces
  6415 | D:6      | Gained mutation: You are surrounded by a mild repulsion field (EV +2). [demonic ancestry]
  6415 | D:6      | Reached XP level 8. HP: 46/61 MP: 11/11
  6641 | D:6      | Reached skill level 6 in Armour
  6702 | D:6      | Reached skill level 1 in Throwing
  6807 | D:7      | Found a blossoming altar of Fedhas.
  7321 | D:7      | Reached skill level 5 in Fighting
  7343 | D:7      | Reached skill level 7 in Armour
  7451 | D:7      | Reached **** piety under Lugonu
  7622 | D:7      | Reached XP level 9. HP: 52/68 MP: 13/13
  7718 | D:7      | Found a staircase to the Ecumenical Temple.
  7851 | D:7      | Reached skill level 5 in Axes
  7855 | D:7      | Gained mutation: You are resistant to hostile enchantments. [mutagenic meat]
  7856 | D:7      | Gained mutation: You have large cloven feet. [mutagenic meat]
  7857 | D:7      | Gained mutation: You are clumsy. (Dex -2) [mutagenic meat]
  8632 | D:8      | Reached skill level 8 in Armour
  8687 | D:8      | Noticed a polar bear
  8702 | D:8      | HP: 2/69 [polar bear (12)]
  8706 | D:8      | Mangled by a polar bear

Skill      XL: |  1  2  3  4  5  6  7  8  9 |
---------------+----------------------------+-----
Armour         | 2 3 4 5 7 8 |  8.1
Dodging        | 1 2 3 |  3.5
Axes           | 2 3 4 5 |  5.6
Invocations    | 3 4 5 6 7 |  7.1
Fighting       | 4 5 6 |  6.0
Throwing       | 1 |  1.0

Action                   |  1- 3 |  4- 6 |  7- 9 || total
-------------------------+-------+-------+-------++-------
Melee: Hand axe          |   162 |   134 |       ||   296
       War axe           |       |    89 |   345 ||   434
Throw: Tomahawk          |       |       |     3 ||     3
Invok: Depart the Abyss  |     1 |       |       ||     1
       Banish            |       |       |     1 ||     1
  Use: Scroll            |     1 |     7 |    11 ||    19
       Potion            |       |     5 |    14 ||    19
 Stab: Distracted        |       |     3 |     1 ||     4
  Eat: Chunk             |     5 |     6 |    14 ||    25
       Bread ration      |       |     1 |       ||     1
Armor: Scale mail        |    94 |   119 |       ||   213
       Ring mail         |     2 |       |       ||     2
       Chain mail        |       |       |   266 ||   266
Dodge: Dodged            |    94 |   125 |   226 ||   445
